 Dungeon Crawl Stone Soup version 0.21.1-1-g345015fe64 (webtiles) character file.

53 Lentor the Skirmisher (level 3, -4/33 HPs)
             Began as a Draconian Berserker on June 8, 2018.
             Was a Believer of Trog.
             Killed from afar by Sigmund (5 damage)
             ... with a magic dart
             ... on level 2 of the Dungeon.
             The game lasted 00:02:42 (1391 turns).

Lentor the Skirmisher (Draconian Berserker)         Turns: 1391, Time: 00:02:44

Health: -4/33      AC:  6    Str: 20    XL:     3   Next: 62%
Magic:  3/3        EV: 13    Int:  7    God:    Trog [**....]
Gold:   100        SH:  0    Dex: 10    Spells: 2/2 levels left

rFire    . . .     SeeInvis .   a - +0 falchion
rCold    . . .     Gourm    .   (no shield)
rNeg     . . .     Faith    .   (armour unavailable)
rPois    .         Spirit   .   (helmet restricted)
rElec    .         Reflect  .   (no cloak)
rCorr    .         Harm     .   h - +0 pair of gloves
MR       .....                  (no boots)
Stlth    +.........             (no amulet)
HPRegen  0.11/turn              (no ring)
MPRegen  0.08/turn              (no ring)

@: berserk cooldown, slowed, very slow
A: unfitting armour, cold-blooded, AC +5
a: Berserk, Trog's Hand, Burn Spellbooks, Renounce Religion


You were on level 2 of the Dungeon.
You worshipped Trog.
Trog was pleased with you.
You were not hungry.

You visited 1 branch of the dungeon, and saw 2 of its levels.

You collected 100 gold pieces.

Inventory:

Hand Weapons
 a - a +0 falchion (weapon)
Armour
 h - a +0 pair of gloves (worn)
Jewellery
 e - an uncursed ring of ice
Scrolls
 c - a scroll of amnesia {unknown}
 d - a scroll of remove curse {unknown}
 i - a scroll of enchant armour {unknown}
 j - a scroll of identify {unknown}
 k - a scroll of magic mapping {unknown}
Potions
 f - a potion of mutation {unknown}
 g - a potion of flight {unknown}
Comestibles
 b - 2 rations


   Skills:
 + Level 3.8 Fighting
 + Level 3.6 Long Blades
 + Level 3.2 Dodging
 + Level 0.4 Stealth


You had 2 spell levels left.
You didn't know any spells.

Dungeon Overview and Level Annotations

Branches:
Dungeon (2/15)

Altars:
Ashenzari

Annotations:
D:2 Sigmund


Innate Abilities, Weirdness & Mutations

Your plain brown scales are hard. (AC +5)
You cannot fit into any form of body armour.
You are cold-blooded and may be slowed by cold attacks.


Message History

You barely miss the hobgoblin.
The hobgoblin is heavily wounded.
Sigmund hits you with a scythe!
* * * LOW HITPOINT WARNING * * *
The hobgoblin hits you but does no damage.
The goblin hits you but does no damage. The hobgoblin barely misses you.
The goblin hits you but does no damage.
You closely miss the hobgoblin.
The hobgoblin is heavily wounded.
Sigmund hits you but does no damage. The hobgoblin closely misses you.
The goblin barely misses you.
You riposte.
You barely miss the goblin. Sigmund misses you.
You hit the hobgoblin.
You kill the hobgoblin!
Trog accepts your kill. The goblin barely misses you.
The goblin hits you with a dagger.
* * * LOW HITPOINT WARNING * * *
Sigmund casts a spell at you. The magic dart hits you!
You die...

### ## ########## #..
.........# ##...
.........# .....
.........########## .....
..#.###...........##..#
#.#...#...............#
#.#.#.#...........?##.###.
#.#.#...........@@...<....
....###.........g†###.##.#
#.### #....%..........#
#.# #.........!..##...#
#.# ######.#.###.# .#
%...... ... .........###.
......... ...


You could see Sigmund and a goblin.

Vanquished Creatures
  An adder (D:2)
  A worm (D:2)
  3 dart slugs (D:1)
  3 leopard geckos
  2 giant cockroaches (D:2)
  A hobgoblin (D:2)
  3 jackals (D:1)
  A quokka (D:2)
  A ball python (D:2)
  4 bats
  6 frilled lizards (D:1)
  4 goblins
  3 kobolds (D:2)
  3 rats (D:1)
36 creatures vanquished.

Notes
Turn   | Place    | Note
-------+----------+-------------------------------------------
     0 | D:1      | Lentor the Draconian Berserker began the quest for the Orb.
     0 | D:1      | Reached XP level 1. HP: 19/19 MP: 1/1
   299 | D:1      | Reached XP level 2. HP: 26/26 MP: 2/2
   926 | D:2      | Reached XP level 3. HP: 14/33 MP: 3/3
  1286 | D:2      | Reached ** piety under Trog
  1287 | D:2      | Found a shattered altar of Ashenzari.
  1373 | D:2      | Noticed Sigmund
  1391 | D:2      | HP: 1/33 [goblin/dagger (2)]
  1391 | D:2      | Killed from afar by Sigmund

Skill      XL: |  1  2 |
---------------+-------+-----
Dodging        | 3 |  3.2
Fighting       | |  3.8
Long Blades    | |  3.6
Stealth        | |  0.4

Action                   || total
-------------------------++-------
Melee: Falchion          ||    94
       Tailslap          ||    12
Invok: Berserk           ||     3
  Eat: Chunk             ||     2
       Ration            ||     1
Armor: Skin              ||    53
Dodge: Dodged            ||    96
       Rpst.: Falchion   ||    21
